 Dungeon Crawl Stone Soup version 0.32-a0-22-g6ae6769602 (webtiles) character file.

Game seed: 1193975711271263333

4207 sokol815 the Spear-Bearer (level 10, -6/74 HPs)
             Began as an Octopode Gladiator on Jan 19, 2024.
             Was an Initiate of Gozag.
             Mangled by an orc warrior
             ... wielding a +0 battleaxe
              (14 damage)
             ... on level 8 of the Dungeon.
             The game lasted 00:16:26 (6480 turns).

sokol815 the Spear-Bearer (Octopode Gladiator)      Turns: 6480, Time: 00:16:27

Health: -6/74      AC:  3    Str: 24    XL:     10   Next: 29%
Magic:  11/13      EV: 19    Int: 10    God:    Gozag
Gold:   508        SH:  0    Dex: 14    Spells: 10/13 levels left

rFire   . . .        a - +1 spear (freeze)
rCold   . . .        (no shield)
rNeg    . . .        b - +2 hat
rPois   .            F - amulet of regeneration
rElec   .            X - ring of resist corrosion
rCorr   +            K - +6 ring of strength
SInv    .            E - +5 ring of evasion
Will    .....        (no ring)
Stlth   ++           (no ring)
HPRegen 1.12/turn    (no ring)
MPRegen 0.13/turn    (no ring)
                     (no ring)

%: no passive effects
@: hasted, very quick
A: almost no armour, amphibious, 8 rings, camouflage 1, gelatinous body 1,
(nimble swimmer 1), tentacles
a: Renounce Religion, Potion Petition, Call Merchant, Bribe Branch


You were on level 8 of the Dungeon.
You worshipped Gozag.
Gozag was pleased with you.
You visited 2 branches of the dungeon, and saw 9 of its levels.

You collected 594 gold pieces.
You paid 86 gold pieces to Gozag.

Inventory:

Hand Weapons
 a - a +1 spear of freezing (weapon)
   (You took it off a wight on level 7 of the Dungeon)
 g - a +2 mace of protection
   (You found it on level 2 of the Dungeon)
 r - a +2 trident
 w - a +0 trident
   (You took it off an orc on level 4 of the Dungeon)
 x - a +1 whip of flaming
   (You took it off Pikel on level 4 of the Dungeon)
 C - a +3 scimitar
   (You took it off a wight on level 7 of the Dungeon)
 I - a +4 dagger
   (You took it off a goblin on level 3 of the Dungeon)
 L - a +1 whip of electrocution
   (You took it off an orc on level 8 of the Dungeon)
Missiles
 c - 3 throwing nets {!d}
 d - 7 javelins
 m - 35 poisoned darts
 s - 90 stones
 B - 16 boomerangs
Armour
 b - a +2 hat (worn)
Magical Staves
 t - a staff of death {rN+}
   (You found it on level 1 of the Dungeon)
Jewellery
 f - a ring of fire {rF+, rC-}
   (You took it off a kobold on level 8 of the Dungeon)
 h - an amulet of the acrobat
   (You found it on level 4 of the Dungeon)
 u - an amulet of guardian spirit
   (You found it on level 4 of the Dungeon)
 E - a +5 ring of evasion (on tentacle)
   (You found it on level 6 of the Dungeon)
 F - an amulet of regeneration (around mantle)
   (You found it on level 7 of the Dungeon)
 K - a +6 ring of strength (right tentacle)
   (You found it on level 3 of the Dungeon)
 X - a ring of resist corrosion (left tentacle)
   (You found it on level 2 of the Dungeon)
Wands
 e - a wand of charming (17)
   (You found it on level 3 of the Dungeon)
 i - a wand of iceblast (2)
   (You found it on level 4 of the Dungeon)
 j - a wand of polymorph (9)
   (You found it on level 5 of the Dungeon)
 l - a wand of quicksilver (16)
   (You found it on level 7 of the Dungeon)
 q - a wand of flame (28)
   (You took it off a kobold demonologist on level 8 of the Dungeon)
 y - a wand of mindburst (7)
   (You found it on level 5 of the Dungeon)
Scrolls
 Y - 8 scrolls of teleportation {@r3}
Potions
 k - a potion of heal wounds {unknown}
 n - 2 potions of enlightenment {unknown}
 o - a potion of attraction {unknown}
 p - a potion of invisibility {unknown}
 v - 2 potions of lignification {unknown}
 A - a potion of resistance {unknown}
 D - a potion of cancellation {unknown}
 G - 2 potions of ambrosia {!q}
 H - 3 potions of haste
 J - 3 potions of curing {@q1}
 M - a potion of might
 T - a potion of berserk rage {!q}
Miscellaneous
 z - a box of beasts
   (You found it on level 8 of the Dungeon)


   Skills:
 * Level 9.2 Fighting
 * Level 9.5 Polearms
 - Level 2.0 Throwing
 - Level 3.0 Dodging
 - Level 2.0 Spellcasting
 + Level 5.5 Ice Magic
 - Level 4.0 Evocations


You had 10 spell levels left.
You knew the following spells:

 Your Spells              Type           Power      Damage    Failure   Level
A - Ozocubu's Armour      Ice            12%        N/A       10%         3

Your spell library contained the following spells:

 Spells                   Type           Power      Damage    Failure   Level
 Magic Dart               Conj           4%         1d3       30%         1
 Shock                    Conj/Air       4%         1d3       30%         1
 Blink                    Tloc           2%         N/A       43%         2
 Call Imp                 Summ           2%         N/A       43%         2
 Mercury Vapours          Alch/Air       2%         N/A       43%         2
 Static Discharge         Conj/Air       2%         3-4/arc   43%         2
 Call Canine Familiar     Summ           1%         N/A       67%         3
 Fugue of the Fallen      Necr           1%         N/A       67%         3
 Inner Flame              Hex/Fire       1%         N/A       67%         3
 Mephitic Cloud           Conj/Alch/Air  1%         N/A       67%         3
 Sigil of Binding         Hex            1%         N/A       67%         3
 Swiftness                Air            1%         N/A       67%         3
 Airstrike                Air            0%         2d(1-17)  97%         4
 Dimensional Bullseye     Hex/Tloc       0%         N/A       97%         4
 Manifold Assault         Tloc           1%         N/A       97%         4
 Passage of Golubria      Tloc           1%         N/A       97%         4
 Summon Lightning Spire   Summ/Air       1%         N/A       97%         4
 Freezing Cloud           Conj/Ice/Air   2%         6-21      99%         5
 Irradiate                Conj/Alch      0%         3d11      100%        5
 Silence                  Hex/Air        0%         N/A       100%        5
 Ignition                 Fire           0%         3d3       100%        8
 Lehudib's Crystal Spear  Conj/Erth      0%         10d2      100%        8


Dungeon Overview and Level Annotations

Branches:
Dungeon (8/15) Zot: 25933  Temple (1/1) D:7 Zot: 5998
   Lair: D:8-11

Altars:
Ashenzari
Dithmenos
Elyvilon
Fedhas
Gozag
Hepliaklqana
Kikubaaqudgha
Makhleb
Okawaru
Ru
Sif Muna
Trog
Uskayaw
Vehumet
Xom
Yredelemnul
Zin
The Shining One

Shops:
D:5 *   D:6 *[(:[

Annotations:
D:6 1 runed translucent door, croobank's ghost, weakling HuDe
D:7 exclusion: downstairs
D:8 1 transporter, exclusions: jelly, 2 orcs and orc wizard, Livid's ghost, novice DjFE


Innate Abilities, Weirdness & Mutations

You cannot wear most types of armour.
You are amphibious.
You can wear up to eight rings at the same time.
Your skin changes colour to match your surroundings (Stealth+).
Your rubbery body absorbs attacks. (AC +1, EV +1)
((You are camouflaged when in or above water. (Stealth+)))
You have tentacles for arms and can constrict up to eight enemies at once.


Message History

L - a +1 whip of electrocution
There is an open door here.
An orc wizard and an orc come into view.
Press: ? - help, v - describe, . - travel
Here: an orc wizard, wielding a +0 dagger and wearing a +0 robe (asleep)
The floor. 2 orc priests come into view.
There is an open door here.
An orc warrior and an orc wizard come into view.
The orc wizard moves out of view.
An orc warrior, an orc priest and 2 orcs come into view.
The orc shouts!
The orc warrior shouts!
The orc shouts!
The orc priest shouts!
There is an open door here.
You reach to attack!
You hit the orc wizard. You freeze the orc wizard.
You reach to attack!
You closely miss the orc wizard.
The orc priest invokes the aid of Beogh against you.
Beogh smites you!
The orc priest casts a cantrip, but nothing happens.
You take 13 damage, and have 61/74 hp.
You hit the orc wizard but do no damage.
You grab the orc wizard.
You constrict the orc wizard, but do no damage.
The orc priest looks braver for a moment.
The orc wizard hits you but does no damage.
You hit the orc wizard. You freeze the orc wizard.
You constrict the orc wizard. You puncture the orc wizard!
You freeze the orc wizard.
You kill the orc wizard!
You reach to attack!
You hit the orc warrior. You freeze the orc warrior.
You reach to attack!
You hit the orc warrior but do no damage.
The orc is distracted by your dazzling golden aura.
You barely miss the orc priest.
The orc shouts!
You grab the orc priest. You squeeze the orc priest.
You constrict the orc priest. The orc priest barely misses you.
You hit the orc priest. You freeze the orc priest.
You constrict the orc priest. You completely miss the orc priest.
You tentacle-slap the orc priest. You constrict the orc priest.
The orc is no longer distracted by gold.
The orc priest casts a cantrip, but nothing happens.
The orc priest calls down the wrath of Beogh upon you.
Beogh smites you!
You take 12 damage, and have 53/74 hp.
You hit the orc priest. You freeze the orc priest.
You kill the orc priest!
The orc priest begins to cast a cantrip, but forgets the words!
A film of ice covers your body!
The orc warrior hits you but does no damage.
You now have 10/13 mp.
You hit the orc warrior but do no damage.
Your grab misses the orc warrior.
The orc is distracted by your dazzling golden aura.
You closely miss the orc warrior.
The orc shouts!
You grab the orc warrior.
You constrict the orc warrior, but do no damage.
The orc priest mumbles some strange prayers to Beogh against you.
Beogh smites you!
The orc warrior hits you with a +0 battleaxe!
You take 20 damage, and have 36/74 hp.
MASSIVE DAMAGE!!
You barely miss the orc warrior. You constrict the orc warrior.
The orc priest invokes the aid of Beogh against you.
Beogh smites you!
The orc is distracted by your dazzling golden aura.
The orc warrior hits you with a +0 battleaxe!
* * * LOW HITPOINT WARNING * * *
The orc warrior is distracted by your dazzling golden aura.
The orc warrior shouts!
The orc shouts!
You take 20 damage, and have 16/74 hp.
MASSIVE DAMAGE!!
You hit the orc warrior. You freeze the orc warrior.
You constrict the orc warrior, but do no damage.
The orc warrior is no longer distracted by gold.
The orc is no longer distracted by gold.
You hit the orc warrior but do no damage.
You squeeze the orc warrior, but do no damage.
You constrict the orc warrior.
The orc is no longer distracted by gold.
The orc priest calls upon Beogh to heal the orc warrior.
The orc warrior is healed somewhat.
The orc warrior misses you.
You hit the orc warrior but do no damage.
You constrict the orc warrior, but do no damage.
You hit the orc warrior. You freeze the orc warrior.
You constrict the orc warrior.
The orc priest mumbles some strange prayers to Beogh against you.
Beogh smites you!
* * * LOW HITPOINT WARNING * * *
The orc warrior completely misses you.
You take 12 damage, and have 6/74 hp.
You feel yourself speed up.
You constrict the orc warrior. The orc warrior misses you.
You release your grip on the orc warrior.
Your icy armour cracks and falls away as you move.
The orc warrior attacks as it pursues you!
The orc warrior hits you with a +0 battleaxe!
You die...
Your body crumbles into a pile of gold.

####### ....... #########
....... #.......# .[.....
#.......# .......
#########.......###oo.....
................@o$oo.....
.########.......###o......
.#### #.......# ######.
....## ###########
###..###.........#
##..##.........#
##............#
###..........#
#..........#


You could see 2 orc warriors, 2 orc priests and 2 orcs.

Vanquished Creatures
  Pikel (D:4)
  4 mutant beasts
  A kobold demonologist (D:8)
  A hornet (D:8)
  Sigmund (D:5)
  Eustachio (D:5)
  Duvessa (D:5)
  2 ice beasts (D:6)
  An orc warrior (D:8)
  An ogre (D:4)
  A phantom (D:4)
  A centaur (D:5)
  3 kobold brigands
  3 bullfrogs
  3 scorpions
  4 wights (D:7)
  Dowan (D:5)
  6 killer bees (D:8)
  5 bombardier beetles
  An orc priest (D:8)
  2 jellies (D:5)
  4 hounds
  3 sleepcaps
  Ijyb (D:5)
  4 iguanas
  3 orc wizards
  12 adders
  A shadow imp (D:5)
  A white imp (D:6)
  2 ufetubi (D:7)
  5 dart slugs
  4 ribbon worms
  19 orcs
  3 bats
  5 endoplasms
  4 giant cockroaches
  6 goblins
  8 hobgoblins
  3 jackals (D:2)
  19 kobolds
  3 quokkas
  6 ball pythons
  10 frilled lizards
  6 rats
176 creatures vanquished.

Notes
Turn   | Place    | Note
-------+----------+-------------------------------------------
     0 | D:1      | sokol815 the Octopode Gladiator began the quest for the
                  | Orb.
     0 | D:1      | Reached XP level 1. HP: 14/14 MP: 1/1
    86 | D:1      | Reached XP level 2. HP: 20/20 MP: 2/2
   492 | D:2      | Reached XP level 3. HP: 25/25 MP: 3/3
   703 | D:2      | Reached skill level 3 in Fighting
   999 | D:2      | Reached skill level 4 in Polearms
   999 | D:2      | Reached XP level 4. HP: 31/31 MP: 4/4
  1181 | D:2      | Found a faded altar of an unknown god.
  1235 | D:2      | Learned a level 3 spell: Ozocubu's Armour
  1660 | D:3      | Reached XP level 5. HP: 37/37 MP: 5/5
  1724 | D:3      | Reached skill level 4 in Fighting
  2363 | D:4      | Reached XP level 6. HP: 38/44 MP: 4/6
  2494 | D:4      | Reached skill level 5 in Polearms
  2637 | D:4      | Reached skill level 1 in Ice Magic
  2780 | D:4      | Reached skill level 1 in Spellcasting
  2822 | D:4      | Noticed Pikel
  2831 | D:4      | Killed Pikel
  2832 | D:4      | Reached skill level 5 in Fighting
  2832 | D:4      | Reached skill level 6 in Polearms
  2832 | D:4      | Reached skill level 2 in Spellcasting
  2832 | D:4      | Reached skill level 2 in Ice Magic
  2832 | D:4      | Reached XP level 7. HP: 51/51 MP: 6/10
  2900 | D:4      | Reached XP level 8. HP: 57/57 MP: 11/11
  3252 | D:5      | Entered Level 5 of the Dungeon
  3259 | D:5      | Noticed Dowan
  3266 | D:5      | Noticed Sigmund
  3291 | D:5      | Reached skill level 6 in Fighting
  3453 | D:6      | Found Tungour's General Store.
  3573 | D:6      | Reached skill level 3 in Ice Magic
  3582 | D:6      | Reached skill level 7 in Polearms
  3727 | D:6      | Found Segafoan's Antique Weapon Shoppe.
  3833 | D:6      | Found Afuizot's Antique Armour Boutique.
  3896 | D:6      | Found Guloilast's Book Emporium.
  4054 | D:6      | HP: 3/58 [ice beast (14)]
  4371 | D:6      | Reached skill level 7 in Fighting
  4389 | D:6      | Found a runed translucent door.
  4393 | D:6      | Noticed croobank's ghost (weakling HuDe)
  4400 | D:6      | Found Tuacsott's Antique Armour Shop.
  4473 | D:7      | Reached skill level 1 in Evocations
  4610 | D:7      | Reached XP level 9. HP: 63/64 MP: 12/12
  4621 | D:7      | Reached skill level 2 in Evocations
  4678 | D:7      | Found an ancient bone altar of Kikubaaqudgha.
  4729 | D:7      | Reached skill level 4 in Ice Magic
  4780 | D:7      | Found an opulent altar of Gozag.
  4786 | D:7      | Became a worshipper of Gozag Ym Sagoz the Greedy
  4893 | D:7      | Found an iron altar of Okawaru.
  4894 | D:7      | Found a blossoming altar of Fedhas.
  4925 | D:7      | Found a staircase to the Ecumenical Temple.
  4957 | Temple   | Entered the Ecumenical Temple
  5359 | D:8      | Noticed a hornet
  5367 | D:7      | Reached skill level 8 in Polearms
  5453 | D:5      | Noticed Eustachio
  5459 | D:5      | Killed Eustachio
  5473 | D:5      | Reached skill level 3 in Evocations
  5505 | D:5      | Noticed Ijyb
  5549 | D:5      | Killed Ijyb
  5561 | D:5      | Killed Sigmund
  5599 | D:5      | Noticed Duvessa
  5603 | D:5      | Killed Dowan
  5604 | D:5      | Reached skill level 8 in Fighting
  5606 | D:5      | Killed Duvessa
  5671 | D:5      | Found Posag's General Store.
  5679 | D:5      | Reached skill level 4 in Evocations
  5924 | D:8      | Noticed a juvenile weirdshock beast
  5933 | D:8      | HP: 8/66 [juvenile weirdshock beast/living lightning (14)]
  5995 | D:7      | Killed a juvenile weirdshock beast
  6003 | D:8      | Reached skill level 5 in Ice Magic
  6012 | D:8      | Reached skill level 9 in Polearms
  6098 | D:8      | Reached XP level 10. HP: 40/73 MP: 9/13
  6127 | D:8      | Noticed a kobold demonologist
  6155 | D:8      | Reached skill level 9 in Fighting
  6155 | D:8      | Noticed a sun demon
  6157 | D:8      | Killed a kobold demonologist
  6355 | D:8      | Noticed Livid's ghost (novice DjFE)
  6356 | D:8      | Found a transporter.
  6357 | D:8      | Identified the +10 dire flail of Fundamental Breach {heavy,
                  | Int+2 SInv Stlth+}
  6474 | D:8      | HP: 16/74 [orc warrior/+0 battleaxe (12)]
  6478 | D:8      | HP: 6/74 [orc priest/divine providence (13)]
  6480 | D:8      | Mangled by an orc warrior

Illustrated notes

Levels and vault maps discovered:
D:1:      elethiomel_arrival_shortcut, layout_rooms
D:2:      layout_loops_corners, basic_ecumenical_altar
D:3:      layout_basic, minmay_splitting_lines
D:4:      layout_loops_corners, kennysheep_generic_room_3, uniq_pikel
D:5:      layout_rooms, serial_shops, shop, uniq_sigmund, uniq_ijyb,
          uniq_duvessa, uniq_eustachio
D:6:      layout_basic, ebering_ghost_sewer_d, serial_shops, shop, shop, shop,
          nicolae_shop_tiny_statue_garden, nicolae_shop_stone,
          minmay_misc_feat_four_crosses
D:7:      layout_basic, grunt_gozag_breadcrumbs,
          mainiacjoe_overflow_tiny_flanked, mainiacjoe_overflow_divided_tiny,
          minmay_temple_entry_mini_moons, minmay_misc_feat_x,
          serial_bayou_pond_e
D:8:      layout_basic, gammafunk_ghost_smash, grunt_ministairs_9,
          nicolae_beast_mode, uniq_prince_ribbit1, uniq_erica
Temple:   eino_temple_lava

Skill      XL: |  1  2  3  4  5  6  7  8  9 10 |
---------------+-------------------------------+-----
Fighting       | 3 4 5 7 8 9 |  9.2
Polearms       | 4 6 7 9 |  9.5
Ice Magic      | 2 3 5 |  5.5
Spellcasting   | 2 |  2.0
Evocations     | 1 4 |  4.0
Throwing       | |  2.0
Dodging        | |  3.0

Action                     |  1- 3 |  4- 6 |  7- 9 | 10-12 || total
---------------------------+-------+-------+-------+-------++-------
  Melee: Trident           |    73 |    99 |   103 |       ||   275
         Constrict         |     8 |    10 |    49 |    16 ||    83
         Tentacles         |     6 |    15 |    52 |    16 ||    89
         Punch             |       |     1 |     6 |     1 ||     8
         Spear             |       |       |   150 |    86 ||   236
   Cast: Ozocubu's Armour  |       |       |     1 |     3 ||     4
  Evoke: Wand              |       |     2 |     3 |     2 ||     7
    Use: Scroll            |     3 |     3 |     8 |       ||    14
         Potion            |       |       |     2 |     1 ||     3
   Stab: Sleeping          |     8 |    19 |     8 |       ||    35
         Distracted        |       |       |       |     2 ||     2
 Armour: Skin              |    19 |    23 |    57 |    22 ||   121
  Dodge: Dodged            |    21 |    33 |   115 |    42 ||   211

Table legend: (Time is in decaauts)
 A = Elapsed time spent in this place.
 B = Non-inter-level travel time spent in this place.
 C = Inter-level travel time spent in this place.
 D = Time resting spent in this place.
 E = Time spent auto-exploring this place.
 F = Levels seen in this place.
 G = Mean time per level.
                   A        B        C        D        E       F      G
               +--------+--------+--------+--------+--------+-----+--------+
         Total |   6415 |   6146 |    269 |    548 |   4369 |   9 |  712.8 |
       Dungeon |   6413 |   6144 |    269 |    548 |   4369 |   8 |  801.6 |
        Temple |      1 |      1 |      0 |      0 |      0 |   1 |    1.0 |
               +--------+--------+--------+--------+--------+-----+--------+

Top non-repeatable levels by time:
     D:4: 1153 daAuts
     D:6: 1062 daAuts
     D:7: 990 daAuts
     D:2: 984 daAuts
     D:3: 681 daAuts
     D:5: 631 daAuts
     D:8: 462 daAuts
     D:1: 447 daAuts
  Temple: 1 daAuts

Levels and vault maps discovered:
D:1:      elethiomel_arrival_shortcut, layout_rooms
D:2:      layout_loops_corners, basic_ecumenical_altar
D:3:      layout_basic, minmay_splitting_lines
D:4:      layout_loops_corners, kennysheep_generic_room_3, uniq_pikel
D:5:      layout_rooms, serial_shops, shop, uniq_sigmund, uniq_ijyb,
          uniq_duvessa, uniq_eustachio
D:6:      layout_basic, ebering_ghost_sewer_d, serial_shops, shop, shop, shop,
          nicolae_shop_tiny_statue_garden, nicolae_shop_stone,
          minmay_misc_feat_four_crosses
D:7:      layout_basic, grunt_gozag_breadcrumbs,
          mainiacjoe_overflow_tiny_flanked, mainiacjoe_overflow_divided_tiny,
          minmay_temple_entry_mini_moons, minmay_misc_feat_x,
          serial_bayou_pond_e
D:8:      layout_basic, gammafunk_ghost_smash, grunt_ministairs_9,
          nicolae_beast_mode, uniq_prince_ribbit1, uniq_erica
Temple:   eino_temple_lava

Table legend: (Time is in decaauts)
 A = Elapsed time spent in this place.
 B = Non-inter-level travel time spent in this place.
 C = Inter-level travel time spent in this place.
 D = Time resting spent in this place.
 E = Time spent auto-exploring this place.
 F = Levels seen in this place.
 G = Mean time per level.
                   A        B        C        D        E       F      G
               +--------+--------+--------+--------+--------+-----+--------+
         Total |   6415 |   6146 |    269 |    548 |   4369 |   9 |  712.8 |
       Dungeon |   6413 |   6144 |    269 |    548 |   4369 |   8 |  801.6 |
        Temple |      1 |      1 |      0 |      0 |      0 |   1 |    1.0 |
               +--------+--------+--------+--------+--------+-----+--------+

Top non-repeatable levels by time:
     D:4: 1153 daAuts
     D:6: 1062 daAuts
     D:7: 990 daAuts
     D:2: 984 daAuts
     D:3: 681 daAuts
     D:5: 631 daAuts
     D:8: 462 daAuts
     D:1: 447 daAuts
  Temple: 1 daAuts

Table legend:
 A = Kills in this place as a percentage of kills in the entire game.
 B = Kills by you in this place as a percentage of kills by you in the entire game.
 C = Kills by friends in this place as a percentage of kills by friends in the entire game.
 D = Other kills in this place as a percentage of other kills in the entire game.
 E = Experience gained in this place as a percentage of experience gained in the entire game.
 F = Experience gained in this place divided by the number of levels of this place that you have seen.
                   A       B       C       D       E      F
               +-------+-------+-------+-------+-------+----------------------
         Total | 100.0 | 100.0 |   N/A |   N/A | 100.0 | 667.9
       Dungeon | 100.0 | 100.0 |   N/A |   N/A | 100.0 | 751.4
               +-------+-------+-------+-------+-------+----------------------
